cohdb
Replays
Latest Replays
All Replays
Popular Replays
Top Player Replays
Match Explorer
How It Works
Community
CoH3 Stats
Reddit
Sign in to upload your games and track your stats! →
Sign in with Steam
Match 44170275
Unlisted
Match 44170275
Overview
Messages
Build Orders
End
Engineer Squad
Construct Barracks
1⁄4-ton 4x4 Truck
Riflemen Squad
Riflemen Squad
Grenade Package
Infantry Support Center
Riflemen Squad
Construct Motor Pool
Mortar Pit
Construct Medical Station
M1 Anti-tank Gun Team
M1918 Browning Automatic Rifles
Construct Weapon Support Center
Selects Advanced Infantry Battlegroup
Selects Ammunition Storage
Selects M2A1 105mm Howitzer Emplacement
M1919 Machine Gun Team
Selects 155mm Rapid Artillery Barrage
Selects Convert to Ranger Squad
dan legend
Fish
XanderB312
皮諾可這個直接電死
Johann Von Ti
LOS DIABLES DEL RIOCON LECHE
Citizen Mars
8Bit
0
0
Comments
sign in to comment!
No comments posted yet!